[ AOE2 MATCH · #506727330 ]
UnrankedHuns vs Italians
Player's team · LOSS
Rival team · WIN
[ REPLAY ANALYSIS · EXTRACTED FROM THE RECORDED GAME ]
Feudal
8:51
Castle
20:50
Imperial
—
| APM avg | 52.1 |
| APM peak | 85 |
| eAPM avg | 26.3 |
| Villagers / military | 43 / 19 |
Focus
⚔️ 44.8% · 🌾 55.2%
Skirmisher ×18 · Knight ×1
Feudal
10:10
Castle
20:19
Imperial
—
| APM avg | 143.3 |
| APM peak | 225 |
| eAPM avg | 67.1 |
| Villagers / military | 94 / 30 |
Focus
⚔️ 71.4% · 🌾 28.6%
Archer ×19 · Militia ×4 · Knight ×3 · Scout Cavalry ×3 · Spearman ×1
Match map
Initial resources + every placement click. Lines = walls · curves = elevation contours. ◆ gold · ⬟ stone · ● berries · ✦ relic · ◌ wall gap
Your base· Open — unwalled flank
blytz's base· Open — 7t gap
Smoothed initial terrain · ◌ = detected wall gap · hover for details
Inputs per minute
— Monkey Boy - - blytz
Build order — Monkey Boy
127 actions detected in the replay
| 0:00 | Queue | Villager (Male) |
| 0:11 | Queue | Villager (Male) |
| 0:11 | Queue | Villager (Male) |
| 0:13 | Queue | Villager (Male) |
| 0:13 | Queue | Villager (Male) |
| 1:18 | Queue | Villager (Male) |
| 1:48 | Queue | Villager (Male) |
| 2:08 | Queue | Villager (Male) |
| 2:20 | Build | Lumber Camp |
| 2:51 | Queue | Villager (Male) |
| 2:51 | Queue | Villager (Male) |
| 3:21 | Queue | Villager (Male) |
| 3:43 | Queue | Villager (Male) |
| 4:10 | Queue | Villager (Male) |
| 4:53 | Queue | Villager (Male) |
| 5:00 | Build | Mill |
| 5:12 | Queue | Villager (Male) |
| 5:12 | Queue | Villager (Male) |
| 5:14 | Research | Loom |
| 6:40 | Research | Feudal Age |
| 6:41 | Research | Feudal Age |
| 7:22 | Build | Barracks |
| 8:37 | Queue | Villager (Male) |
| 8:51 | Age | Feudal Age |
| 8:54 | Queue | Villager (Male) |
| 8:57 | Build | Archery Range |
| 9:00 | Build | Mill |
| 9:11 | Research | Double-Bit Axe |
| 9:14 | Build | Farm |
| 9:33 | Queue | Villager (Male) |
| 9:55 | Queue | Skirmisher |
| 10:03 | Queue | Villager (Male) |
| 10:10 | Build | Palisade Wall |
| 10:11 | Build | Palisade Wall |
| 10:12 | Build | Palisade Wall |
| 10:15 | Build | Palisade Wall |
| 10:17 | Build | Palisade Wall |
| 10:19 | Build | Palisade Wall |
| 10:20 | Build | Palisade Wall |
| 10:24 | Queue | Skirmisher |
| 10:26 | Queue | Villager (Male) |
| 10:29 | Build | Farm |
| 10:32 | Build | Farm |
| 10:44 | Build | Farm |
| 10:48 | Queue | Villager (Male) |
| 10:54 | Queue | Skirmisher |
| 11:05 | Build | Farm |
| 11:08 | Queue | Villager (Male) |
| 11:18 | Queue | Skirmisher |
| 11:24 | Build | Farm |
| 11:27 | Build | Palisade Wall |
| 11:31 | Build | Palisade Wall |
| 11:33 | Build | Palisade Wall |
| 11:38 | Queue | Skirmisher |
| 11:38 | Queue | Villager (Male) |
| 11:49 | Build | Palisade Wall |
| 11:50 | Build | Palisade Wall |
| 11:52 | Build | Palisade Wall |
| 11:54 | Build | Palisade Wall |
| 11:56 | Build | Palisade Wall |
| 11:57 | Build | Palisade Wall |
| 12:14 | Queue | Skirmisher |
| 12:14 | Queue | Villager (Male) |
| 12:28 | Build | Farm |
| 12:37 | Build | Farm |
| 12:51 | Queue | Skirmisher |
| 12:51 | Queue | Villager (Male) |
| 12:51 | Queue | Villager (Male) |
| 13:07 | Queue | Skirmisher |
| 13:08 | Queue | Villager (Male) |
| 13:10 | Build | Farm |
| 13:25 | Queue | Villager (Male) |
| 13:44 | Queue | Skirmisher |
| 13:44 | Queue | Villager (Male) |
| 13:57 | Queue | Villager (Male) |
| 14:00 | Queue | Villager (Male) |
| 14:08 | Queue | Villager (Male) |
| 14:11 | Queue | Skirmisher |
| 14:14 | Build | Farm |
| 14:15 | Build | Farm |
| 14:15 | Build | Farm |
| 15:04 | Queue | Villager (Male) |
| 15:04 | Queue | Skirmisher |
| 15:06 | Build | Farm |
| 15:07 | Build | Farm |
| 15:10 | Build | Farm |
| 15:11 | Build | Farm |
| 15:24 | Queue | Villager (Male) |
| 15:27 | Queue | Skirmisher |
| 15:34 | Build | Palisade Wall |
| 15:45 | Queue | Villager (Male) |
| 15:53 | Queue | Skirmisher |
| 16:02 | Build | Mining Camp |
| 16:18 | Research | Town Watch |
| 16:19 | Queue | Villager (Male) |
| 16:39 | Research | Town Watch |
| 16:43 | Build | Blacksmith |
| 17:23 | Queue | Villager (Male) |
| 17:44 | Build | Market |
| 17:46 | Build | Palisade Wall |
| 17:58 | Research | Padded Archer Armor |
| 18:10 | Research | Castle Age |
| 18:14 | Queue | Skirmisher |
| 18:21 | Queue | Skirmisher |
| 18:31 | Research | Horse Collar |
| 18:44 | Research | Fletching |
| 18:53 | Queue | Skirmisher |
| 19:21 | Build | Watch Tower |
| 19:39 | Queue | Skirmisher |
| 20:39 | Queue | Villager (Male) |
| 20:50 | Age | Castle Age |
| 20:57 | Research | Bodkin Arrow |
| 20:58 | Research | Elite Skirmisher (upgrade) |
| 21:02 | Queue | Villager (Male) |
| 21:35 | Research | Leather Archer Armor |
| 21:48 | Queue | Villager (Male) |
| 21:49 | Build | Stable |
| 22:05 | Queue | Villager (Male) |
| 22:12 | Queue | Villager (Male) |
| 22:40 | Build | Farm |
| 22:40 | Build | Farm |
| 22:42 | Build | Farm |
| 22:42 | Build | Farm |
| 22:45 | Queue | Skirmisher |
| 22:51 | Queue | Knight |
| 23:02 | Build | Farm |
| 23:04 | Build | Farm |
Build order — blytz
First 150 of 202 actions detected
| 0:00 | Queue | Villager (Male) |
| 0:01 | Queue | Villager (Male) |
| 0:02 | Build | House |
| 0:02 | Build | House |
| 0:05 | Queue | Villager (Male) |
| 0:13 | Queue | Villager (Male) |
| 1:24 | Queue | Villager (Male) |
| 1:24 | Queue | Villager (Male) |
| 2:01 | Queue | Villager (Male) |
| 2:13 | Build | Lumber Camp |
| 2:23 | Queue | Villager (Male) |
| 2:23 | Queue | Villager (Male) |
| 2:42 | Queue | Villager (Male) |
| 3:12 | Queue | Villager (Male) |
| 3:12 | Queue | Villager (Male) |
| 3:22 | Queue | Villager (Male) |
| 3:58 | Build | House |
| 4:00 | Queue | Villager (Male) |
| 4:01 | Queue | Villager (Male) |
| 4:25 | Queue | Villager (Male) |
| 4:30 | Build | Barracks |
| 5:00 | Build | House |
| 5:18 | Queue | Villager (Male) |
| 5:24 | Queue | Militia |
| 5:44 | Queue | Militia |
| 5:49 | Queue | Villager (Male) |
| 6:17 | Queue | Villager (Male) |
| 6:20 | Build | Mill |
| 6:29 | Queue | Villager (Male) |
| 6:32 | Queue | Villager (Male) |
| 6:35 | Research | Loom |
| 6:36 | Research | Loom |
| 7:13 | Build | Farm |
| 7:20 | Build | House |
| 8:00 | Research | Feudal Age |
| 8:00 | Research | Feudal Age |
| 8:04 | Build | Mining Camp |
| 8:33 | Queue | Militia |
| 8:34 | Queue | Villager (Male) |
| 8:47 | Build | House |
| 9:00 | Queue | Militia |
| 9:29 | Build | Farm |
| 9:31 | Queue | Villager (Male) |
| 9:52 | Queue | Villager (Male) |
| 9:54 | Build | Palisade Wall |
| 10:10 | Age | Feudal Age |
| 10:10 | Queue | Villager (Male) |
| 10:11 | Build | Farm |
| 10:13 | Build | Archery Range |
| 10:17 | Research | Man-at-Arms (upgrade) |
| 10:23 | Queue | Villager (Male) |
| 10:39 | Queue | Villager (Male) |
| 10:41 | Build | Farm |
| 10:42 | Queue | Villager (Male) |
| 10:42 | Queue | Villager (Male) |
| 10:49 | Research | Double-Bit Axe |
| 10:49 | Research | Double-Bit Axe |
| 11:01 | Queue | Villager (Male) |
| 11:07 | Build | House |
| 11:13 | Queue | Spearman |
| 11:17 | Queue | Archer |
| 11:23 | Build | Farm |
| 11:34 | Queue | Villager (Male) |
| 11:48 | Queue | Archer |
| 12:04 | Queue | Archer |
| 12:23 | Queue | Villager (Male) |
| 12:23 | Queue | Villager (Male) |
| 12:23 | Queue | Villager (Male) |
| 12:32 | Queue | Villager (Male) |
| 12:45 | Build | Farm |
| 12:46 | Build | Farm |
| 12:47 | Queue | Archer |
| 12:57 | Queue | Villager (Male) |
| 12:58 | Build | Farm |
| 13:07 | Build | Blacksmith |
| 13:09 | Queue | Villager (Male) |
| 13:10 | Queue | Villager (Male) |
| 13:25 | Queue | Villager (Male) |
| 13:25 | Queue | Villager (Male) |
| 13:30 | Queue | Villager (Male) |
| 13:31 | Queue | Villager (Male) |
| 13:37 | Queue | Archer |
| 13:50 | Queue | Villager (Male) |
| 13:50 | Queue | Villager (Male) |
| 13:56 | Queue | Villager (Male) |
| 13:57 | Queue | Villager (Male) |
| 14:13 | Build | House |
| 14:15 | Queue | Villager (Male) |
| 14:17 | Queue | Archer |
| 14:22 | Queue | Villager (Male) |
| 14:22 | Queue | Villager (Male) |
| 14:46 | Queue | Villager (Male) |
| 14:46 | Queue | Villager (Male) |
| 14:47 | Queue | Villager (Male) |
| 14:47 | Queue | Villager (Male) |
| 14:47 | Queue | Villager (Male) |
| 14:50 | Queue | Villager (Male) |
| 14:50 | Queue | Villager (Male) |
| 14:54 | Queue | Villager (Male) |
| 14:54 | Queue | Villager (Male) |
| 15:00 | Queue | Archer |
| 15:02 | Queue | Villager (Male) |
| 15:12 | Build | Farm |
| 15:13 | Build | House |
| 15:20 | Queue | Villager (Male) |
| 15:23 | Build | Stable |
| 15:25 | Build | Farm |
| 15:41 | Queue | Villager (Male) |
| 15:47 | Queue | Archer |
| 15:51 | Queue | Villager (Male) |
| 15:52 | Queue | Villager (Male) |
| 15:54 | Queue | Villager (Male) |
| 16:01 | Queue | Villager (Male) |
| 16:02 | Queue | Villager (Male) |
| 16:02 | Queue | Villager (Male) |
| 16:06 | Research | Horse Collar |
| 16:06 | Research | Horse Collar |
| 16:07 | Queue | Villager (Male) |
| 16:11 | Queue | Villager (Male) |
| 16:12 | Queue | Villager (Male) |
| 16:15 | Build | House |
| 16:16 | Queue | Villager (Male) |
| 16:17 | Build | Farm |
| 16:17 | Queue | Villager (Male) |
| 16:18 | Build | Farm |
| 16:18 | Build | Farm |
| 16:23 | Queue | Archer |
| 16:26 | Queue | Villager (Male) |
| 16:31 | Queue | Villager (Male) |
| 16:36 | Queue | Scout Cavalry |
| 16:38 | Queue | Villager (Male) |
| 16:43 | Build | Lumber Camp |
| 16:48 | Research | Town Watch |
| 16:48 | Research | Town Watch |
| 17:07 | Queue | Villager (Male) |
| 17:07 | Queue | Archer |
| 17:21 | Build | Farm |
| 17:23 | Build | Farm |
| 17:39 | Research | Castle Age |
| 17:40 | Research | Castle Age |
| 17:40 | Research | Castle Age |
| 17:47 | Queue | Scout Cavalry |
| 17:47 | Queue | Scout Cavalry |
| 17:55 | Build | Farm |
| 18:01 | Queue | Archer |
| 18:19 | Research | Fletching |
| 18:19 | Research | Fletching |
| 18:20 | Research | Fletching |
| 18:28 | Queue | Villager (Male) |
| 18:30 | Build | Farm |
Match timeline
| 4:30 | blytz · first_building Barracks |
| 7:22 | Monkey Boy · first_building Barracks |
| 8:51 | Monkey Boy · age_up feudal |
| 8:57 | Monkey Boy · first_building Archery Range |
| 9:54 | blytz · wall_segment Palisade Wall x3 |
| 10:10 | Monkey Boy · wall_segment Palisade Wall x1 |
| 10:10 | blytz · age_up feudal |
| 10:11 | Monkey Boy · wall_segment Palisade Wall x1 |
| 10:12 | Monkey Boy · wall_segment Palisade Wall x1 |
| 10:13 | blytz · first_building Archery Range |
| 10:15 | Monkey Boy · wall_segment Palisade Wall x1 |
| 10:17 | Monkey Boy · wall_segment Palisade Wall x1 |
| 10:19 | Monkey Boy · wall_segment Palisade Wall x1 |
| 10:20 | Monkey Boy · wall_segment Palisade Wall x1 |
| 11:27 | Monkey Boy · wall_segment Palisade Wall x3 |
| 11:31 | Monkey Boy · wall_segment Palisade Wall x4 |
| 11:33 | Monkey Boy · wall_segment Palisade Wall x4 |
| 11:49 | Monkey Boy · wall_segment Palisade Wall x1 |
| 11:50 | Monkey Boy · wall_segment Palisade Wall x1 |
| 11:52 | Monkey Boy · wall_segment Palisade Wall x1 |
| 11:54 | Monkey Boy · wall_segment Palisade Wall x1 |
| 11:56 | Monkey Boy · wall_segment Palisade Wall x1 |
| 11:57 | Monkey Boy · wall_segment Palisade Wall x1 |
| 15:23 | blytz · first_building Stable |
| 15:34 | Monkey Boy · wall_segment Palisade Wall x1 |
| 17:46 | Monkey Boy · wall_segment Palisade Wall x9 |
| 20:19 | blytz · age_up castle |
| 20:50 | Monkey Boy · age_up castle |
| 20:54 | Monkey Boy · first_market_sell 100 food |
| 21:49 | Monkey Boy · first_building Stable |
| 22:58 | blytz · first_building Siege Workshop |
| 23:42 | Monkey Boy · resign |
[ AI ANALYSIS · 1 CREDIT ]
What really happened in this match?
Wolo.gg analyzes every decision: build order, eco, micro, common mistakes by bracket. Personalized analysis on WhatsApp or Discord in 30 seconds.
Civ guide
Huns
Perfil
Monkey Boy